 Dungeon Crawl Stone Soup version 0.29.1-1-gd02db6906a (webtiles) character file.

Game seed: 11015755971341849829

193 sankara the Chopper (level 5, -5/47 HPs)
             Began as a Minotaur Fighter on Oct 15, 2022.
             Was an Initiate of Makhleb.
             Slain by Blork the orc
             ... wielding a +0 dire flail
              (9 damage)
             ... on level 4 of the Dungeon.
             The game lasted 00:04:14 (2698 turns).

sankara the Chopper (Minotaur Fighter)              Turns: 2698, Time: 00:04:15

Health: -5/47      AC: 12    Str: 21    XL:     5   Next: 44%
Magic:  4/4        EV:  7    Int:  5    God:    Makhleb [......]
Gold:   142        SH:  4    Dex: 11    Spells: 4/4 levels left

rFire   . . .      SeeInvis .   a - +0 war axe
rCold   . . .      Faith    .   c - +0 buckler
rNeg    . . .      Spirit   .   m - +0 chain mail
rPois   .          Reflect  .   r - +0 hat
rElec   .          Harm     .   (no cloak)
rCorr   .          Rampage  .   n - +0 pair of gloves
Will    .....                   k - +0 pair of boots
Stlth   ..........              (no amulet)
HPRegen 0.15/turn               (no ring)
MPRegen 0.09/turn               (no ring)

@: no status effects
A: horns 2, retaliatory headbutt
a: Renounce Religion


You were on level 4 of the Dungeon.
You worshipped Makhleb.
Makhleb was noncommittal.
You visited 2 branches of the dungeon, and saw 5 of its levels.

You collected 142 gold pieces.

Inventory:

Hand Weapons
 a - a +0 war axe (weapon)
Missiles
 g - 33 stones (quivered)
 s - a boomerang
Armour
 c - a +0 buckler (worn)
 k - a +0 pair of boots (worn)
 m - a +0 chain mail (worn)
 n - a +0 pair of gloves (worn)
 r - a +0 hat (worn)
Wands
 b - a wand of digging (3)
Scrolls
 e - a scroll of noise {unknown}
 f - 4 scrolls of teleportation {unknown}
 h - a scroll of brand weapon {unknown}
 j - 4 scrolls of identify {unknown}
 o - a scroll of blinking {unknown}
 p - a scroll of immolation {unknown}
Potions
 d - 2 potions of might
 i - 4 potions of curing {unknown}
 l - a potion of flight {unknown}
 q - a potion of brilliance {unknown}
 t - a potion of degeneration {unknown}


   Skills:
 + Level 4.8 Fighting
 * Level 5.0 Axes
 + Level 4.8 Armour
 - Level 4.0 Shields


You had 4 spell levels left.
You didn't know any spells.
Your spell library contained the following spells:

 Spells                   Type           Power      Damage    Failure   Level
 Ensorcelled Hibernation  Hex/Ice        0%         N/A       100%        2
 Portal Projectile        Hex/Tloc       0%         N/A       100%        3
 Spider Form              Tmut/Pois      0%         N/A       100%        3
 Tukima's Dance           Hex            0%         N/A       100%        3
 Anguish                  Hex/Necr       0%         N/A       100%        4
 Summon Lightning Spire   Summ/Air       0%         N/A       100%        4
 Blade Hands              Tmut           0%         N/A       100%        5
 Storm Form               Tmut/Air       0%         N/A       100%        7
 Maxwell's Capacitive Co  Air            0%         ∞         100%        8


Dungeon Overview and Level Annotations

Branches:
Dungeon (4/15)             Temple (1/1) D:4

Altars:
Dithmenos
Elyvilon
Hepliaklqana
Kikubaaqudgha
Makhleb
Nemelex Xobeh
Trog
Uskayaw
Wu Jian
Zin
The Shining One

Annotations:
D:4 Blork the orc


Innate Abilities, Weirdness & Mutations

You have a pair of horns on your head.
You reflexively headbutt those who attack you in melee.


Message History

Makhleb accepts your kill.
You hit the kobold.
You kill the kobold!
Makhleb accepts your kill.
Blork the orc mumbles some strange words.
Blork the orc seems to speed up.
Things that are here:
a +0 short sword; 2 stones; a kobold corpse Blork the orc hits you but does no damage.
You closely miss Blork the orc. You headbutt Blork the orc.
Blork the orc is lightly wounded.
Blork the orc barely misses you.
Blork the orc hits you with a +0 dire flail!
You slash Blork the orc!
Blork the orc is heavily wounded.
Blork the orc grins evilly.
Blork the orc hits you with a +0 dire flail.
You block Blork the orc's attack.
You hit Blork the orc. Your headbutt misses Blork the orc.
Blork the orc is heavily wounded.
Blork the orc looks satisfied for a moment.
Blork the orc hits you but does no damage.
You barely miss Blork the orc.
You headbutt Blork the orc, but do no damage.
Blork the orc is heavily wounded.
Blork the orc hits you with a +0 dire flail!
You are too injured to fight recklessly!
You are too injured to fight recklessly!
You barely miss Blork the orc.
Blork the orc is heavily wounded.
Blork the orc closely misses you. You furiously retaliate!
You headbutt Blork the orc!
Blork the orc hits you with a +0 dire flail!
* * * LOW HITPOINT WARNING * * *
You barely miss Blork the orc. Your headbutt misses Blork the orc.
Blork the orc is almost dead.
Blork the orc hits you with a +0 dire flail!
* * * LOW HITPOINT WARNING * * *
Blork the orc hits you with a +0 dire flail!
You die...

...... ##........#
......##..........
......#...#!.....
......#..##....#
.........##....#
...............##
................###
......o@)..........
...........<.......
...................
................###
. #...............#
. ##..............#
. #......######..#
#..#...# .## ##. .#


You could see Blork the orc (fast).

Vanquished Creatures
  An orc priest (D:2)
  An iguana (D:4)
  Terence (D:2)
  A gnoll (D:3)
  An adder (D:2)
  3 worms
  A dart slug (D:3)
  9 orcs
  7 ball pythons
  4 endoplasms
  5 giant cockroaches
  6 goblins
  3 hobgoblins
  7 jackals
  A quokka (D:3)
  5 bats
  4 frilled lizards
  6 kobolds
  4 rats
70 creatures vanquished.

Notes
Turn   | Place    | Note
-------+----------+-------------------------------------------
     0 | D:1      | sankara the Minotaur Fighter began the quest for the Orb.
     0 | D:1      | Reached XP level 1. HP: 19/19 MP: 0/0
   421 | D:1      | Reached XP level 2. HP: 27/27 MP: 1/1
   462 | D:1      | Reached skill level 3 in Axes
   504 | D:1      | Found a faded altar of an unknown god.
   713 | D:2      | Reached XP level 3. HP: 32/33 MP: 2/2
   930 | D:2      | Noticed Terence
   937 | D:2      | Killed Terence
   981 | D:2      | Found a shadowy altar of Dithmenos.
  1061 | D:2      | Reached XP level 4. HP: 37/40 MP: 3/3
  1140 | D:2      | Reached skill level 4 in Axes
  1625 | D:3      | Reached XP level 5. HP: 47/47 MP: 4/4
  2339 | D:4      | Found a staircase to the Ecumenical Temple.
  2347 | Temple   | Entered the Ecumenical Temple
  2403 | Temple   | Became a worshipper of Makhleb the Destroyer
  2426 | D:4      | Noticed an ogre
  2447 | D:3      | Reached skill level 5 in Axes
  2688 | D:4      | Noticed Blork the orc
  2698 | D:4      | Slain by Blork the orc

Illustrated notes

Levels and vault maps discovered:
D:1:      psy_arrival_radial02, layout_rooms, ebering_ecumenical_altar_webs
D:2:      cheibrodos_pilgrimage, layout_loops_cross, basic_altar, uniq_terence
D:3:      layout_loops_cross
D:4:      layout_layer_cave, grunt_gozag_statues, temple_green, uniq_pikel,
          uniq_duvessa, uniq_blork_the_orc
Temple:   eino_wide_crystal_templ

Skill      XL: |  1  2  3  4  5 |
---------------+----------------+-----
Axes           | 3 4 5 |  5.0
Armour         | 4 |  4.8
Fighting       | 4 |  4.8
Shields        | 4 |  4.0

Action                   |  1- 3 |  4- 6 || total
-------------------------+-------+-------++-------
Melee: War axe           |    66 |    74 ||   140
       Headbutt          |    12 |    17 ||    29
Armor: Scale mail        |    24 |       ||    24
       Chain mail        |    11 |    44 ||    55
Dodge: Dodged            |    29 |    25 ||    54
Block: Buckler           |    20 |    12 ||    32
